 Dungeon Crawl Stone Soup version 0.18-a0-1702-gd20c6a5 (webtiles) character file.

1213 wvc the Frost Mage (level 8, -1/52 HPs)
             Began as a Merfolk Ice Elementalist on Apr 6, 2016.
             Was a Believer of Cheibriados.
             Slain by an ice beast (11 damage)
             ... on level 6 of the Dungeon.
             The game lasted 00:20:15 (7525 turns).

wvc the Frost Mage (Merfolk Ice Elementalist)       Turns: 7525, Time: 00:20:16

Health: -1/52      AC:  3    Str: 16    XL:     8   Next: 46%
Magic:  1/16       EV: 13    Int: 23    God:    Cheibriados [**....]
Gold:   308        SH:  0    Dex: 19    Spells: 5 memorised, 4 levels left

rFire  + . .     SeeInvis .     u - +0 trident
rCold  . . .     Gourm    .     a - +1 robe
rNeg   . . .     Faith    .     (no shield)
rPois  .         Spirit   .     (helmet restricted)
rElec  .         Dismiss  .     (no cloak)
rCorr  .         Reflect  .     (no gloves)
SustAt .         Harm     .     (no boots)
MR     .....                    (no amulet)
Stlth  ++........               (no ring)
                                h - ring of protection from fire

@: very slightly contaminated, very slow, not resistant to hostile enchantments,
unstealthy
A: change form in water, swift swim, horns 1, clever 1, strong 1, MP-powered
wands
a: Bend Time, Renounce Religion


You were on level 6 of the Dungeon.
You worshipped Cheibriados.
Cheibriados was pleased with you.
You were not hungry.

You visited 1 branch of the dungeon, and saw 6 of its levels.

You collected 308 gold pieces.

Inventory:

Hand Weapons
 u - a +0 trident (weapon)
Missiles
 j - 8 curare-tipped needles
 l - 5 poisoned tomahawks (quivered)
 r - 15 poisoned needles
 w - a throwing net
Armour
 a - a +1 robe (worn)
 f - a +0 ring mail
 n - a +0 ring mail of cold resistance
Jewellery
 h - a ring of protection from fire (left hand)
Wands
 x - a wand of lightning (9/15)
Scrolls
 p - a scroll of enchant armour
 t - a scroll of remove curse
Potions
 e - 3 potions of flight
 g - 2 potions of berserk rage
 i - a potion of lignification
 m - 3 potions of might
 q - a potion of curing
 s - a potion of resistance {unknown}
 v - a potion of brilliance {unknown}
 z - 2 potions of heal wounds {unknown}
Books
 b - a book of Frost

   Spells                             Type                      Level
   a - Freeze                         Ice                          1
   b - Throw Frost                    Conjuration/Ice              2
   c - Ozocubu's Armour               Charms/Ice                   3
   d - Throw Icicle                   Conjuration/Ice              4
   e - Summon Ice Beast               Ice/Summoning                4
 k - a book of Burglary

   Spells                             Type                      Level
   a - Swiftness                      Charms/Air                   2
   b - Passwall                       Transmutation/Earth          2
   c - Passage of Golubria            Translocation                4
   d - Lee's Rapid Deconstruction     Earth                        5
   e - Darkness                       Hexes                        6
   f - Invisibility                   Hexes                        6
 o - a book of Summonings

   Spells                             Type                      Level
   a - Recall                         Summoning/Translocation      3
   b - Aura of Abjuration             Summoning                    5
   c - Summon Demon                   Summoning                    5
   d - Summon Forest                  Summoning/Translocation      5
   e - Summon Mana Viper              Hexes/Summoning              5
   f - Shadow Creatures               Summoning                    6
 y - a book of Spatial Translocations

   Spells                             Type                      Level
   a - Apportation                    Translocation                1
   b - Blink                          Translocation                2
   c - Shroud of Golubria             Charms/Translocation         2
   d - Portal Projectile              Translocation                3
   e - Teleport Other                 Translocation                3
   f - Passage of Golubria            Translocation                4
Comestibles
 c - 4 bread rations


   Skills:
 + Level 1.9 Polearms
 - Level 2.6 Dodging
 - Level 2.1 Stealth
 + Level 5.7 Spellcasting
 + Level 0.7 Conjurations
 * Level 9.1 Ice Magic


You had 4 spell levels left.
You knew the following spells:

 Your Spells              Type           Power        Failure   Level  Hunger
a - Freeze                Ice            ####         1%          1    None
b - Throw Frost           Conj/Ice       ####..       1%          2    None
c - Ozocubu's Armour      Chrm/Ice       ####....     4%          3    #......
d - Summon Ice Beast      Ice/Summ       ####....     14%         4    ###....
e - Throw Icicle          Conj/Ice       ####....     14%         4    ###....


Dungeon Overview and Level Annotations

Branches:
Dungeon (6/15)             Temple (0/1) D:5

Altars:
Ashenzari
Cheibriados
Elyvilon
Qazlal
Vehumet
Xom
Yredelemnul


Innate Abilities, Weirdness & Mutations

You revert to your normal form in water.
You are very nimble and swift while swimming.
You have a pair of small horns on your head.
Your mind is acute. (Int +2)
Your muscles are strong. (Str +2)
You expend magic power (3 MP) to strengthen your wands.


Message History

The ice beast is almost dead.
The ice beast barely misses you.
You barely miss the ice beast.
The ice beast is almost dead.
The ice beast hits you. The ice beast freezes you!
The ice beast hits you but does no damage.
You barely miss the ice beast. Your headbutt misses the ice beast.
The ice beast is almost dead.
The ice beast misses you.
You barely miss the ice beast. Your headbutt misses the ice beast.
The ice beast is almost dead.
The ice beast hits you.
* * * LOW HITPOINT WARNING * * *
The ice beast freezes you!
* * * LOW HITPOINT WARNING * * *
Drink which item? (? for menu, Esc to quit)
You feel better. The ice beast hits you.
* * * LOW HITPOINT WARNING * * *
The ice beast freezes you!
You die...

#.# ###...##..... #.#
### #............
#.###.###.#...##.####
#.##...##.#...## #
#.#..............
#.##...##.#...###
#..Y..###.#......
#.#######.##.....
#....@.##.# #.###
######Y##.. .# .#.##
# .. .#. .##. .# #.
.# .#


You could see an ice beast.

Vanquished Creatures
  Eustachio (D:5)
  2 ice beasts (D:5)
  A sky beast (D:5)
  An ogre (D:5)
  The ghost of PeterLawrence the Cudgeler, a weakling MiFi (D:3)
  5 hounds
  5 orc wizards
  3 orc priests (D:3)
  A jelly (D:5)
  An iguana (D:4)
  A hound skeleton (D:5)
  5 adders
  An ooze (D:5)
  3 worms
  6 dart slugs
  3 giant geckos
  32 orcs
  3 ball pythons
  7 giant cockroaches
  13 goblins
  10 hobgoblins
  10 jackals
  2 quokkas
  9 bats
  3 giant newts
  A jackal skeleton (D:5)
  A jackal zombie (D:5)
  5 kobolds
  6 rats
142 creatures vanquished.

Notes
Turn   | Place    | Note
--------------------------------------------------------------
     0 | D:1      | wvc the Merfolk Ice Elementalist began the quest for the Orb.
     0 | D:1      | Reached XP level 1. HP: 13/13 MP: 3/3
   231 | D:1      | Reached XP level 2. HP: 19/19 MP: 3/5
   314 | D:1      | Reached skill level 4 in Ice Magic
   659 | D:1      | Learned a level 2 spell: Throw Frost
   819 | D:1      | Reached XP level 3. HP: 24/24 MP: 3/6
  1049 | D:2      | Learned a level 3 spell: Ozocubu's Armour
  1354 | D:2      | Reached skill level 5 in Ice Magic
  1811 | D:2      | Reached XP level 4. HP: 26/30 MP: 0/7
  2791 | D:3      | Noticed PeterLawrence's ghost (weakling MiFi)
  2804 | D:3      | Reached XP level 5. HP: 31/35 MP: 2/8
  2941 | D:3      | Killed PeterLawrence's ghost
  2941 | D:3      | Reached skill level 6 in Ice Magic
  3467 | D:3      | Reached XP level 6. HP: 30/41 MP: 7/10
  4032 | D:3      | Found a radiant altar of Vehumet.
  4034 | D:3      | Found a snail-covered altar of Cheibriados.
  4034 | D:3      | Found a shimmering altar of Xom.
  4046 | D:3      | Became a worshipper of Cheibriados the Contemplative
  4587 | D:3      | Learned a level 4 spell: Summon Ice Beast
  4918 | D:4      | Reached * piety under Cheibriados
  4976 | D:4      | Reached skill level 7 in Ice Magic
  5130 | D:4      | Reached XP level 7. HP: 46/46 MP: 7/13
  5174 | D:4      | Learned a level 4 spell: Throw Icicle
  5266 | D:4      | Found a basalt altar of Yredelemnul.
  5431 | D:4      | Found a white marble altar of Elyvilon.
  5539 | D:4      | Found a shattered altar of Ashenzari.
  5598 | D:5      | Entered Level 5 of the Dungeon
  5634 | D:5      | Found a staircase to the Ecumenical Temple.
  5673 | D:5      | Noticed Eustachio
  5679 | D:5      | Killed Eustachio
  5932 | D:5      | Reached skill level 8 in Ice Magic
  6250 | D:5      | Reached skill level 5 in Spellcasting
  6283 | D:5      | Reached ** piety under Cheibriados
  6283 | D:5      | Reached skill level 1 in Polearms
  6283 | D:5      | Reached XP level 8. HP: 52/52 MP: 11/15
  6641 | D:5      | Gained mutation: You have a pair of small horns on your head. [mutagenic meat]
  6642 | D:5      | Gained mutation: You expend magic power (3 MP) to strengthen your wands. [mutagenic meat]
  6644 | D:5      | Gained mutation: Your mind is acute. (Int +2) [mutagenic meat]
  6645 | D:5      | Gained mutation: Your muscles are strong. (Str +2) [mutagenic meat]
  6733 | D:5      | Reached skill level 9 in Ice Magic
  7161 | D:5      | Found a stormy altar of Qazlal.
  7525 | D:6      | Slain by an ice beast

Vault maps used:
D:1:      dpeg_arrival_rooms_c, st_stairs_14
D:2:      first_bread, amethyst_killhole
D:3:      grunt_temple_overflow_open
D:4:      kennysheep_ying_yang, lemuel_coloured_pillars_altar
D:5:      kennysheep_mini_moat, minmay_temple_entry_poolview,
          nrook_mini_backslash, uniq_eustachio
D:6:      grunt_dithmenos_smoke_and_mirrors, lightli_temple_of_fire,
          uniq_menkaure

Skill      XL: |  1  2  3  4  5  6  7  8 |
---------------+-------------------------+-----
Ice Magic      | 4 5 6 7 8 9 |  9.1
Spellcasting   | 3 4 5 |  5.7
Polearms       | 1 |  1.9
Dodging        | |  2.6
Stealth        | |  2.1
Conjurations   | |  0.7

Action                   |  1- 3 |  4- 6 |  7- 9 || total
-------------------------+-------+-------+-------++-------
Melee: Unarmed           |     4 |       |       ||     4
       Dagger            |     9 |       |       ||     9
       Spear             |       |    93 |    33 ||   126
       Trident           |       |       |    78 ||    78
 Cast: Freeze            |    71 |    98 |    57 ||   226
       Ozocubu's Armour  |       |     1 |     1 ||     2
       Throw Icicle      |       |       |     4 ||     4
  Use: Scroll            |     9 |     1 |     5 ||    15
       Potion            |       |       |     4 ||     4
 Stab: Sleeping          |       |       |     3 ||     3
  Eat: Chunk             |     2 |     2 |     5 ||     9
       Beef jerky        |     1 |       |       ||     1
       Meat ration       |       |     1 |       ||     1
       Bread ration      |       |     1 |     1 ||     2
